Map: Disco Bloodbath LE

Players

Mez

  • Race: Terran Terran
  • League: Master
  • Spawn Location: 9:00

A.I. 1 (Very Easy) - Winner!

  • Race: Protoss Protoss
  • Spawn Location: 3:00

VOD

Have the link to the VOD?

Description

Time

  • Played on: Aug. 21, 2019, 11:57 a.m.
  • Length: 7:28
Show
View Real Time Build Order
Export as new Build Order

Mez Terran 

Build Orders: Reaper Expand 

Get SALT Encoding   

  6  0:00  SCV  
  13  0:12  SCV  
  14  0:17  Supply Depot  
  14  0:24  SCV  
  15  0:38  SCV  
  15  0:40  Barracks  
  16  0:46  Refinery  
  16  0:50  SCV  
  17  1:02  SCV  
  18  1:14  SCV  
  19  1:28  Orbital Command  
  19  1:29  Reaper  
  20  1:40  Command Center  
  20  1:46  Bunker  
  20  1:54  SCV  
  21  2:02  Marine  
  21  2:04  Supply Depot  
  21  2:06  SCV  
  23  2:21  Barracks Reactor  
  23  2:26  SCV  
  24  2:36  Command Center  
  24  2:38  SCV  
  25  2:47  Factory  
  26  2:51  SCV  
  26  2:54  Refinery  
  26  2:56  Orbital Command  
  26  3:01  Marine x2  
  29  3:05  SCV  
  29  3:17  SCV  
  29  3:19  Marine x2  
  32  3:23  SCV  
  33  3:29  SCV  
  33  3:31  Widow Mine  
  33  3:33  Starport  
  36  3:35  SCV  
  36  3:37  Marine x2  
  39  3:42  SCV  
  39  3:47  SCV  
  41  3:49  Orbital Command  
  41  3:52  Refinery  
  41  3:53  Factory Tech Lab  
  41  3:54  SCV  
  42  3:56  Marine x2  
  42  3:59  SCV  
  45  4:06  SCV  
  46  4:10  Starport Tech Lab  
  46  4:12  Siege Tank  
  46  4:13  SCV  
  50  4:18  SCV  
  50  4:19  SCV  
  50  4:22  Supply Depot  
  50  4:23  Marine  
  50  4:24  Marine  
  54  4:25  SCV  
  54  4:29  Raven  
  54  4:30  SCV  
  58  4:33  Barracks  
  58  4:34  SCV  
  58  4:37  SCV  
  60  4:39  Barracks  
  60  4:44  Siege Tank, SCV  
  64  4:46  SCV, Marine  
  64  4:47  Marine  
  64  4:52  Orbital Command  
  67  4:56  SCV x2  
  69  5:00  Refinery  
  69  5:19  Engineering Bay  
  69  5:20  Engineering Bay  
  69  5:21  Supply Depot, SCV x2, Marine x2  
  69  5:22  Starport Reactor  
  69  5:23  SCV  
  74  5:32  Stimpack  
  74  5:34  Combat Shield, Barracks, SCV x2  
  74  5:35  Barracks, SCV  
  77  5:37  Factory Reactor  
  78  5:43  Marauder x2, Marine  
  78  5:46  SCV x2  
  78  5:47  SCV  
  84  5:58  SCV  
  84  6:01  Supply Depot  
  84  6:03  Supply Depot  
  85  6:05  Supply Depot  
  85  6:23  Marauder x2, SCV x3, Marine  
  85  6:24  Marine  
  85  6:25  Medivac x2  
  98  6:31  Supply Depot  
  98  6:32  Barracks Reactor  
  98  6:33  Barracks Tech Lab, Supply Depot  
  98  6:34  Supply Depot  
  98  6:35  SCV x3  
  98  6:37  Widow Mine x2  
  105  6:40  Marine  
  105  6:43  Refinery  
  105  6:44  Refinery  
  105  6:45  Marauder  
  108  6:47  Armory, SCV  
  108  6:52  Marauder, SCV x2  
  113  6:58  Marauder, Marine x2  
  113  6:59  SCV  
  118  7:04  SCV  
  118  7:06  Marauder  
  121  7:09  Marine  
  121  7:10  Marine  
  133  7:24  Supply Depot  
  133  7:25  Supply Depot x2  
Show
View Real Time Build Order
Export as new Build Order

A.I. 1 (Very Easy) Protoss - Winner!

Build Orders:  

Get SALT Encoding   

  6  0:00  Probe  
  13  0:13  Probe  
  14  0:19  Pylon  
  14  0:36  Assimilator  
  14  0:42  Gateway  
  14  0:46  Pylon  
  14  1:13  Assimilator  
  14  1:16  Probe  
  14  1:24  Probe  
  15  1:32  Probe  
  16  1:33  Cybernetics Core  
  17  1:42  Probe  
  18  1:54  Probe  
  18  1:59  Warp Gate  
  19  2:03  Probe  
  20  2:09  Stalker  
  22  5:25  Zealot  
  22  5:27  Probe  
  25  5:28  Pylon  
  25  5:31  Robotics Facility  
  25  5:38  Probe  
  26  5:46  Probe  
  26  5:54  Probe  
  27  6:01  Pylon  
  28  6:05  Probe  
  27  6:15  Probe  
  27  6:17  Zealot  
  30  6:22  Observer  
  31  6:43  Observer  
  32  7:04  Nexus  
  31  7:08  Stalker  
Tags
 
Add a new tag
Caveats
  • Supply blocks, unpowered buildings, or Contaminate may cause inaccurate times.
  • Supply counts are checked every 10 seconds.